 Dungeon Crawl Stone Soup version 0.30-a0-341-g682706514a (webtiles) character file.

Game seed: 5772456978709793181

3425 BritishOli the Fighter (level 9, -12/81 HPs)
             Began as a Demonspawn Fighter on Nov 3, 2022.
             Was a Believer of Makhleb.
             Mangled by an orc warrior
             ... wielding a +0 halberd
              (24 damage)
             ... in a bailey.
             The game lasted 00:13:02 (6374 turns).

BritishOli the Fighter (Demonspawn Fighter)         Turns: 6374, Time: 00:13:03

Health: -12/81     AC: 12    Str: 20    XL:     9   Next: 76%
Magic:  9/9        EV:  9    Int: 10    God:    Makhleb [**....]
Gold:   482        SH:  0    Dex: 16    Spells: 8/8 levels left

rFire   . . .      SeeInvis +    I - +0 triple sword
rCold   . . .      Faith    .    (shield currently unavailable)
rNeg    + . .      Spirit   .    b - +0 scale mail
rPois   +          Reflect  .    l - +1 helmet {SInv}
rElec   .          Harm     .    (no cloak)
rCorr   .          Rampage  .    E - +0 pair of gloves
Will    .....                    (boots unavailable)
Stlth   ..........               A - amulet "Ymug Famm" {rN+ Regen+ Dex+3}
HPRegen 3.13/turn                z - ring of flight
MPRegen 0.11/turn                G - ring of poison resistance

@: mighty, flying, hasted, very quick
A: hooves 3, rugged brown scales 2, powered by death 2
a: Renounce Religion, Minor Destruction


You were in a bailey.
You worshipped Makhleb.
Makhleb was pleased with you.
You visited 2 branches of the dungeon, and saw 8 of its levels.
You also visited: Bailey.

You collected 482 gold pieces.

Inventory:

Hand Weapons
 I - a +0 triple sword (weapon)
Armour
 b - a +0 scale mail (worn)
 c - a +0 buckler
 l - a +1 helmet of see invisible (worn)
 E - a +0 pair of gloves (worn)
Jewellery
 k - an amulet of guardian spirit
 u - a ring of fire
 y - an amulet of the acrobat
 z - a ring of flight (left hand)
 A - the amulet "Ymug Famm" (around neck) {rN+ Regen+ Dex+3}
   (You found it on level 4 of the Dungeon)

   [amulet of regeneration]

   Dex:       It affects your dexterity (+3).
   rN:        It protects you from negative energy.
   Regen:     It increases your rate of health regeneration.
 G - a ring of poison resistance (right hand)
 H - a ring of willpower
Wands
 a - a wand of paralysis (1)
 B - a wand of flame (12)
Scrolls
 g - 3 scrolls of blinking
 m - a scroll of vulnerability {unknown}
 p - a scroll of enchant armour {unknown}
 s - 4 scrolls of teleportation {unknown}
 t - a scroll of fear {unknown}
 w - a scroll of amnesia {unknown}
 C - 3 scrolls of magic mapping {unknown}
 D - 2 scrolls of enchant weapon {unknown}
Potions
 d - 2 potions of might
 e - a potion of brilliance {unknown}
 f - 2 potions of invisibility {unknown}
 h - a potion of heal wounds
 i - 2 potions of experience {unknown}
 j - 2 potions of haste
 o - 2 potions of flight
 q - 3 potions of lignification
 r - 2 potions of curing
 v - a potion of mutation {unknown}
 x - a potion of attraction {unknown}
 F - 2 potions of magic {unknown}


   Skills:
 + Level 10.2 Fighting
 + Level 9.2 Long Blades
 - Level 3.0 Armour
 - Level 3.0 Shields


You had 8 spell levels left.
You didn't know any spells.
Your spell library contained the following spells:

 Spells                   Type           Power      Damage    Failure   Level
 Magic Dart               Conj           0%         1d3       71%         1
 Shock                    Conj/Air       0%         1d3       71%         1
 Call Imp                 Summ           0%         N/A       85%         2
 Ensorcelled Hibernation  Hex/Ice        0%         N/A       85%         2
 Passwall                 Tmut/Erth      0%         N/A       85%         2
 Dazzling Flash           Conj/Hex       0%         N/A       97%         3
 Mephitic Cloud           Conj/Pois/Air  0%         N/A       97%         3
 Swiftness                Air            0%         N/A       97%         3
 Airstrike                Air            0%         2d(0-16)  100%        4
 Iskenderun's Mystic Bla  Conj/Tloc      0%         2d3       100%        4
 Starburst                Conj/Fire      0%         6d3       100%        6


Dungeon Overview and Level Annotations

Branches:
Dungeon (7/15)             Temple (1/1) D:6          Bailey (1/1)

Altars:
Ashenzari
Cheibriados
Dithmenos
Gozag
Hepliaklqana
Kikubaaqudgha
Makhleb
Nemelex Xobeh
Okawaru
Ru
Sif Muna
Trog
Uskayaw
Vehumet
Wu Jian
Xom
Yredelemnul


Innate Abilities, Weirdness & Mutations

You have hooves in place of feet.
You are mostly covered in rugged brown scales. (AC +2, +5% HP)
You regenerate health from kills.


Message History

Okay, then.
It was a potion of heal wounds.
You feel much better.
Okay, then.
Okay, then.
Okay, then.
Aiming: Minor Destruction (24% risk of failure)
Press: ? - help, Shift-Dir - straight line, f - orc warrior
Aim: an orc warrior, wielding a +0 halberd and wearing a +0 chain mail (lightly wounded, strong)
The orc warrior easily resists.
Aiming: Paralyse
Press: ? - help, Shift-Dir - straight line, f - orc knight, p - orc warrior
Aim: an orc knight, wielding a +0 halberd and wearing a +0 chain mail (chance to affect: 31%)
The orc warrior resists with some effort.
The orc warrior hits you from afar with a +0 halberd!
Okay, then.
The orc warrior hits you but does no damage.
You slice the orc warrior!! Your kick misses the orc warrior.
The orc warrior is almost dead.
The orc warrior hits you from afar with a +0 halberd!
The orc warrior barely misses you.
You hit the orc warrior.
You kill the orc warrior!
Makhleb accepts your kill.
The orc warrior hits you from afar with a +0 halberd!
* * * LOW HITPOINT WARNING * * *
The orc knight hits you from afar with a +0 halberd!
* * * LOW HITPOINT WARNING * * *
You feel much better. The orc warrior barely misses you.
You closely miss the orc warrior. You kick the orc warrior!
The orc warrior is heavily wounded.
The orc warrior hits you with a +0 halberd.
The orc knight hits you from afar with a +0 halberd.
* * * LOW HITPOINT WARNING * * *
You slice the orc warrior!!
You kill the orc warrior!
Makhleb accepts your kill.
The orc knight hits you from afar with a +0 halberd!
* * * LOW HITPOINT WARNING * * *
The orc warrior hits you from afar with a +0 halberd!!
You die...

####### ####### ######
#.....#########...).## ##...).
.......#.....#....).)######...))#
....#..'.....'...##.)#)...#...)##
.......'.....'...)8.)'....'.....8
....#..'.....).o.##)[#[...#...)##
.......#.....#o).....######.....#
#.....#########.@...## ##...))
####### ####### ######


You could see an orc knight and an orc warrior (strong).

Vanquished Creatures
  2 orc knights (Bailey)
  Grinder (D:3)
  Sigmund (D:2)
  A steam dragon (D:7)
  A water moccasin (D:5)
  4 orc warriors (Bailey)
  4 ice beasts
  A sky beast (D:6)
  3 ogres
  2 centaurs (D:6)
  2 necrophages
  2 scorpions (D:4)
  2 howler monkeys
  4 hounds (D:5)
  A jelly (D:6)
  An orc priest (D:3)
  2 iguanas
  An orc wizard (D:5)
  Robin (D:2)
  3 gnolls
  6 adders
  An ufetubus (D:5)
  5 worms
  3 dart slugs
  27 orcs
  9 ball pythons
  8 endoplasms
  6 giant cockroaches
  13 goblins
  14 hobgoblins
  2 jackals (D:1)
  6 quokkas
  3 bats (D:1)
  3 frilled lizards
  6 kobolds
  4 rats
155 creatures vanquished.

Vanquished Creatures (others)
  A plant (D:6)
1 creature vanquished.

Grand Total: 156 creatures vanquished

Notes
Turn   | Place    | Note
-------+----------+-------------------------------------------
     0 | D:1      | BritishOli the Demonspawn Fighter began the quest for the
                  | Orb.
     0 | D:1      | Reached XP level 1. HP: 18/18 MP: 1/1
   191 | D:1      | Gained mutation: You have large cloven feet. [demonic
                  | ancestry]
   191 | D:1      | Reached XP level 2. HP: 24/24 MP: 2/2
   262 | D:1      | Found a faded altar of an unknown god.
   674 | D:1      | Gained mutation: You are partially covered in rugged brown
                  | scales. (AC +1, +3% HP) [demonic ancestry]
   674 | D:1      | Reached XP level 3. HP: 21/29 MP: 3/3
   874 | D:2      | Noticed Robin
  1005 | D:2      | Killed Robin
  1101 | D:2      | Reached XP level 4. HP: 38/38 MP: 4/4
  1275 | D:2      | Reached skill level 4 in Fighting
  1359 | D:2      | Noticed Sigmund
  1387 | D:2      | Killed Sigmund
  1388 | D:2      | Gained mutation: You regenerate a little health from kills.
                  | [demonic ancestry]
  1388 | D:2      | Reached XP level 5. HP: 37/44 MP: 5/5
  1508 | D:3      | Reached skill level 5 in Fighting
  1508 | D:3      | Gained mutation: You are mostly covered in rugged brown
                  | scales. (AC +2, +5% HP) [demonic ancestry]
  1508 | D:3      | Reached XP level 6. HP: 42/53 MP: 6/6
  2161 | D:3      | Found an opulent altar of Gozag.
  2192 | D:3      | Noticed Grinder
  2194 | D:3      | Paralysed by Grinder for 4 turns
  2209 | D:3      | Killed Grinder
  2210 | D:3      | Gained mutation: You have hoof-like feet. [demonic
                  | ancestry]
  2210 | D:3      | Reached XP level 7. HP: 10/59 MP: 1/7
  2470 | D:3      | Found a sparkling altar of Nemelex Xobeh.
  2627 | D:4      | Identified the amulet "Ymug Famm" {rN+ Regen+ Dex+3}
  2727 | D:4      | Reached skill level 6 in Fighting
  2727 | D:4      | Reached skill level 5 in Long Blades
  2733 | D:4      | You are sucked into a shaft and drop 2 floors!
  2733 | D:6      | Found a staircase to the Ecumenical Temple.
  2740 | Temple   | Entered the Ecumenical Temple
  2885 | Temple   | Became a worshipper of Makhleb the Destroyer
  3776 | D:6      | Reached skill level 7 in Fighting
  3776 | D:6      | Gained mutation: You have hooves in place of feet. [demonic
                  | ancestry]
  3776 | D:6      | Reached XP level 8. HP: 65/70 MP: 8/8
  3782 | D:5      | Entered Level 5 of the Dungeon
  4134 | D:5      | Reached skill level 8 in Fighting
  4819 | D:4      | Found a shimmering blue altar of Sif Muna.
  4951 | D:4      | Reached * piety under Makhleb
  5634 | D:6      | Gained mutation: You regenerate health from kills. [demonic
                  | ancestry]
  5634 | D:6      | Reached XP level 9. HP: 76/78 MP: 9/9
  5973 | D:7      | Reached skill level 9 in Fighting
  6045 | D:7      | Found a flagged portal.
  6057 | Bailey   | Entered a bailey
  6122 | Bailey   | Reached ** piety under Makhleb
  6154 | Bailey   | Noticed an orc knight
  6155 | Bailey   | Noticed an orc knight
  6235 | Bailey   | Killed an orc knight
  6259 | Bailey   | Killed an orc knight
  6260 | Bailey   | Reached skill level 10 in Fighting
  6336 | Bailey   | Noticed an orc knight
  6374 | Bailey   | Mangled by an orc warrior

Illustrated notes

Levels and vault maps discovered:
D:1:      beargit_arrival_diablo_church, layout_basic,
          dreamdust_ecumenical_altar_grove, feat_on_display
D:2:      layout_rooms, uniq_sigmund, uniq_robin
D:3:      layout_loops_cross, mainiacjoe_overflow_tiny_flanked,
          nicolae_gozag_seed_capital, uniq_grinder
D:4:      layout_cave_pods, nicolae_sif_muna_little_library
D:5:      layout_loops_corners, gup_sewer_entry_spiral
D:6:      layout_basic, nicolae_elyvilon_temple_path, minmay_temple_entry_tees
D:7:      layout_gridville, mainiacjoe_overflow_alcove_4, enter_bailey_4,
          minmay_shop_grid_forest, hangedman_decor_peaks_small,
          nicolae_water_bricks
Temple:   eino_temple_scatter_basement
Bailey:   bailey_polearm_5, bailey

Skill      XL: |  1  2  3  4  5  6  7  8  9 |
---------------+----------------------------+-----
Long Blades    | 2 4 6 7 9 |  9.2
Armour         | 3 |  3.0
Shields        | 3 |  3.0
Fighting       | 4 5 7 8 10 | 10.2

Action                   |  1- 3 |  4- 6 |  7- 9 || total
-------------------------+-------+-------+-------++-------
Melee: Long sword        |   106 |   112 |   179 ||   397
       Kick              |    18 |    20 |    63 ||   101
       Triple sword      |       |       |    99 ||    99
Invok: Minor Destruction |       |       |     1 ||     1
Evoke: Wand              |       |       |     1 ||     1
  Use: Scroll            |       |       |     8 ||     8
       Potion            |       |       |     7 ||     7
Armor: Scale mail        |    54 |    55 |   190 ||   299
Dodge: Dodged            |    52 |    50 |   181 ||   283
Block: Buckler           |    30 |    20 |    47 ||    97

Table legend: (Time is in decaauts)
 A = Elapsed time spent in this place.
 B = Non-inter-level travel time spent in this place.
 C = Inter-level travel time spent in this place.
 D = Time resting spent in this place.
 E = Time spent auto-exploring this place.
 F = Levels seen in this place.
 G = Mean time per level.
                   A        B        C        D        E       F      G
               +--------+--------+--------+--------+--------+-----+--------+
         Total |   6478 |   6191 |    287 |    645 |   4236 |   9 |  719.8 |
       Dungeon |   5866 |   5612 |    254 |    524 |   4002 |   7 |  838.0 |
        Temple |    300 |    267 |     33 |     68 |    159 |   1 |  300.0 |
        Bailey |    311 |    311 |      0 |     53 |     75 |   1 |  311.0 |
               +--------+--------+--------+--------+--------+-----+--------+

Top non-repeatable levels by time:
     D:6: 1095 daAuts
     D:1: 1022 daAuts
     D:5: 1000 daAuts
     D:3: 994 daAuts
     D:4: 986 daAuts
     D:2: 659 daAuts
  Bailey: 311 daAuts
  Temple: 300 daAuts
     D:7: 107 daAuts
